[Event "Titled Tuesday Blitz April 18 Late 2023"]
[White "Marchesich, Giovanni"]
[Black "QuiesPrecatio"]
[WhiteFideId "2824790"]
[WhiteElo "2209"]
[BlackElo "2451"]
[Result "0-1"]
[Round "04"]
[TimeControl "180+2"]
[Date "2023.04.18"]
[WhiteClock "0:01:18"]
[BlackClock "0:01:29"]

1. d4 Nf6 2. Nf3 e6 3. e3 c5 4. Bd3 b6 5. O-O Bb7 6. b3 cxd4 7. exd4 Be7 8. Bb2 d5 9. Nbd2 O-O 10. Ne5 Nc6 11. f4 Nb4 12. Be2 Rc8 13. c3 Nc6 14. Bd3 h6 15. Rf3 Nxe5 16. fxe5 Ne4 17. Bxe4 dxe4 18. Rg3 Bh4 19. Rg4 e3 20. Nf3 Bxf3 21. Qxf3 f5 22. Rg6 Bf2+ 23. Kh1 Qe8 24. Qh5 Kh7 25. Ba3 Qxg6 26. Qxg6+ Kxg6 27. Bxf8 Rxf8 28. g3 e2 0-1


[Site "https://www.chess.com"]

[Event "Titled Tuesday Blitz April 18 Late 2023"]
[White "Ardila, Oscar Humberto"]
[Black "Kovalevsky, Stanislav"]
[WhiteFideId "4404742"]
[BlackFideId "13508598"]
[WhiteElo "1918"]
[BlackElo "2174"]
[Result "0-1"]
[Round "04"]
[TimeControl "180+2"]
[Date "2023.04.18"]
[WhiteClock "0:00:13"]
[BlackClock "0:00:29"]

1. d4 d5 2. Nf3 Nf6 3. Bg5 Nbd7 4. Nbd2 Ne4 5. Nxe4 dxe4 6. Nd2 h6 7. Bh4 g5 8. Bg3 f5 9. e3 Nf6 10. Be2 Bg7 11. Bh5+ Nxh5 12. Qxh5+ Kf8 13. O-O Be6 14. f3 Bf7 15. Qh3 f4 16. Bf2 Bxd4 17. exd4 e3 18. c3 exd2 19. Rad1 Qc8 20. Qxc8+ Rxc8 21. Rxd2 e6 22. Re1 c6 23. Re5 Rd8 24. h4 Rd5 25. Rde2 Rg8 26. Kh2 Ke7 27. c4 Rxe5 28. Rxe5 Kd7 29. g3 g4 30. fxg4 Rxg4 31. Re4 fxg3+ 32. Bxg3 Rxe4 0-1


[Site "https://www.chess.com"]

[Event "Titled Tuesday Blitz April 18 Late 2023"]
[White "sebastianmarinp"]
[Black "Sliwicki, Damian"]
[BlackFideId "1127128"]
[WhiteElo "2300"]
[BlackElo "2030"]
[Result "0-1"]
[Round "04"]
[TimeControl "180+2"]
[Date "2023.04.18"]
[WhiteClock "0:00:03"]
[BlackClock "0:00:11"]

1. e4 c5 2. Nf3 g6 3. d4 cxd4 4. Nxd4 Nc6 5. Nc3 Nf6 6. Be3 Bg7 7. Bc4 O-O 8. Bb3 Ng4 9. Qxg4 Nxd4 10. Qd1 Nc6 11. Qd2 d6 12. h4 h5 13. Bh6 Qa5 14. Bxg7 Kxg7 15. O-O-O Be6 16. Kb1 Rac8 17. f4 Bg4 18. Rdf1 Qc5 19. Nd5 Be6 20. Ne3 Bxb3 21. axb3 Qd4 22. Qxd4+ Nxd4 23. Rf2 Rc5 24. b4 Rcc8 25. c3 Nc6 26. g4 hxg4 27. Nxg4 Rh8 28. f5 gxf5 29. exf5 Rh5 30. f6+ exf6 31. Nxf6 Rh6 32. Rg1+ Rg6 33. Ng4 Ne5 34. Rfg2 Rc4 35. Nxe5 dxe5 36. Rxg6+ fxg6 37. h5 Rh4 38. hxg6 Rh6 39. Kc2 Rxg6 40. Rd1 Rg2+ 41. Kb3 Kf6 42. Rd7 e4 43. Rxb7 e3 44. Rxa7 Rg1 45. Ra6+ Kf5 0-1


[Site "https://www.chess.com"]

[Event "Titled Tuesday Blitz April 18 Late 2023"]
[White "reevecanada"]
[Black "lluiss"]
[WhiteElo "2444"]
[BlackElo "2297"]
[Result "1-0"]
[Round "04"]
[TimeControl "180+2"]
[Date "2023.04.18"]
[WhiteClock "0:00:31"]
[BlackClock "0:00:01"]

1. Nf3 Nf6 2. e3 g6 3. Be2 Bg7 4. O-O O-O 5. d3 d5 6. Nbd2 c5 7. Rb1 Nc6 8. c4 h6 9. b3 e5 10. Bb2 Re8 11. Rc1 e4 12. Ne1 exd3 13. Nxd3 b6 14. cxd5 Nxd5 15. Bxg7 Kxg7 16. Nc4 Bb7 17. Bf3 Nf6 18. Qc2 Nb4 19. Nxb4 Bxf3 20. gxf3 cxb4 21. Qb2 Kg8 22. Rfd1 Qe7 23. Nd6 Red8 24. Nb5 a6 25. Nd4 Qe5 26. f4 Qh5 27. Nc6 Ng4 28. Rxd8+ Rxd8 29. Nxd8 Qxh2+ 30. Kf1 Nxe3+ 31. Ke2 Ng4 32. Qd4 Qh5 33. f3 Qh2+ 34. Kd1 Nf2+ 35. Kc2 Ne4+ 36. Kb1 Nc3+ 37. Rxc3 bxc3 38. Qxc3 Qxf4 39. Nc6 h5 40. Ka1 Kh7 41. a4 h4 42. Ne7 h3 43. Nd5 Qf5 44. Nf6+ Kh6 45. Ng4+ Kh5 46. Qh8+ Kg5 47. Qh6# 1-0


[Site "https://www.chess.com"]

[Event "Titled Tuesday Blitz April 18 Late 2023"]
[White "Chabris, Christopher"]
[Black "Prydun, Andriy"]
[WhiteFideId "2005263"]
[BlackFideId "14145898"]
[WhiteElo "2293"]
[BlackElo "2164"]
[Result "1-0"]
[Round "04"]
[TimeControl "180+2"]
[Date "2023.04.18"]
[WhiteClock "0:00:18"]
[BlackClock "0:00:16"]

1. e4 d5 2. exd5 Qxd5 3. Nc3 Qd8 4. d4 Nf6 5. Nf3 c6 6. Bc4 e6 7. O-O Nbd7 8. Re1 Be7 9. a4 O-O 10. a5 Nd5 11. Ne4 Bb4 12. Bd2 Be7 13. Ng3 b6 14. Bd3 c5 15. axb6 N5xb6 16. Be4 Rb8 17. Rxa7 Nc4 18. Bf4 Rxb2 19. Bc7 Qe8 20. Qd3 Ncb6 21. Bxh7+ Kh8 22. Ne5 c4 23. Qc3 Bb4 24. Qxb2 Bxe1 25. Bxb6 Nxe5 26. dxe5 Kxh7 27. Bc5 Rh8 28. Qd4 Qd7 29. Rxd7 1-0


[Site "https://www.chess.com"]

[Event "Titled Tuesday Blitz April 18 Late 2023"]
[White "Kubatko, Ivan"]
[Black "Smith, Garrett L"]
[WhiteFideId "24111473"]
[BlackFideId "2024829"]
[WhiteElo "2285"]
[BlackElo "2295"]
[Result "1-0"]
[Round "04"]
[TimeControl "180+2"]
[Date "2023.04.18"]
[WhiteClock "0:00:18"]
[BlackClock "0:00:53"]

1. e4 c5 2. c3 d5 3. exd5 Qxd5 4. d4 Nc6 5. Nf3 Bf5 6. Be3 Nf6 7. Be2 e6 8. O-O cxd4 9. Nxd4 Nxd4 10. Bxd4 Qd7 11. Qb3 a6 12. Nd2 Be7 13. Bf3 O-O 14. Qxb7 Qxb7 15. Bxb7 Rab8 16. Bxa6 Rxb2 17. Nc4 Rbb8 18. Ne5 Be4 19. a4 Rfd8 20. a5 Ba8 21. Be2 Nd5 22. a6 Nf4 23. Bf3 Bxf3 24. Nxf3 Rdc8 25. Be5 1-0


[Site "https://www.chess.com"]

[Event "Titled Tuesday Blitz April 18 Late 2023"]
[White "Nemsko"]
[Black "Shapiro, Viktor"]
[BlackFideId "4175700"]
[WhiteElo "2291"]
[BlackElo "2152"]
[Result "1-0"]
[Round "04"]
[TimeControl "180+2"]
[Date "2023.04.18"]
[WhiteClock "0:00:02"]
[BlackClock "0:00:09"]

1. d4 Nf6 2. Nc3 d5 3. Bf4 c5 4. e3 e6 5. Nf3 a6 6. dxc5 Bxc5 7. Bd3 Nc6 8. Qd2 Bd6 9. Bg3 b5 10. O-O-O Bb7 11. Kb1 Bxg3 12. hxg3 Qb6 13. e4 O-O-O 14. e5 Nd7 15. Qg5 g6 16. Rd2 h6 17. Qf4 g5 18. Qxf7 Ncxe5 19. Nxe5 Nxe5 20. Qg7 Ng4 21. f3 Ne3 22. Rxh6 Rxh6 23. Qxh6 Nc4 24. Rd1 Qe3 25. Qh1 b4 26. Ne2 Qf2 27. Qg1 Qxg1 28. Rxg1 Ne5 29. Nd4 Kd7 30. Be2 Kd6 31. Nb3 Bc6 32. Rh1 Bb5 33. Bxb5 axb5 34. Nd4 Rb8 35. Rh6 Re8 36. Nxb5+ Kc5 37. Nc7 Rg8 38. Nxe6+ Kc4 39. Kc1 d4 40. Kd2 d3 41. b3+ Kd5 42. cxd3 Nc6 43. Nc7+ Kc5 44. Ne6+ Kb5 45. d4 Na7 46. Nc7+ Ka5 47. Ra6# 1-0


[Site "https://www.chess.com"]

[Event "Titled Tuesday Blitz April 18 Late 2023"]
[White "Onslow, Alfie"]
[Black "WindWhistler11"]
[WhiteFideId "436976"]
[WhiteElo "2114"]
[BlackElo "2433"]
[Result "0-1"]
[Round "04"]
[TimeControl "180+2"]
[Date "2023.04.18"]
[WhiteClock "0:00:01"]
[BlackClock "0:00:02"]

1. Nf3 Nf6 2. c4 e6 3. g3 d5 4. Bg2 Be7 5. d4 O-O 6. O-O a6 7. Qc2 Nc6 8. Rd1 Nb4 9. Qb3 Bd7 10. Ne5 dxc4 11. Nxc4 Qe8 12. Nc3 Nfd5 13. e4 Nxc3 14. Qxc3 c5 15. d5 exd5 16. exd5 Bf6 17. Qf3 Nc2 18. Nb6 Nxa1 19. Nxa8 Qxa8 20. Qd3 Qc8 21. Qb1 Bg4 22. Re1 c4 23. Bd2 Nb3 24. axb3 cxb3 25. Bc3 Bxc3 26. Rc1 Bf5 27. Be4 Bxe4 28. Qxe4 Qd7 29. Rxc3 Qb5 30. Qd3 Rd8 31. Qxb5 axb5 32. Rc5 b4 33. Rb5 g6 34. Rxb7 Rxd5 35. Rxb4 Rd3 36. Kf1 Rd1+ 37. Ke2 Rh1 38. h4 Rc1 39. Rxb3 Rc2+ 40. Kf3 Kg7 41. Rb6 h5 42. b4 Rc3+ 43. Ke4 Rc2 44. f3 Rb2 45. b5 Rg2 46. Kf4 Rb2 47. Rb8 Rb4+ 48. Ke5 Rb3 49. Ke4 f5+ 50. Kf4 Rb4+ 51. Kg5 Rb3 52. Rb7+ Kf8 53. Kxg6 Rxf3 54. Kf6 Ke8 55. b6 Kd8 0-1


[Site "https://www.chess.com"]

[Event "Titled Tuesday Blitz April 18 Late 2023"]
[White "Garmash, Aliona"]
[Black "Marczuk, Dominik"]
[WhiteFideId "34127620"]
[BlackFideId "1111264"]
[WhiteElo "1959"]
[BlackElo "2174"]
[Result "1-0"]
[Round "04"]
[TimeControl "180+2"]
[Date "2023.04.18"]
[WhiteClock "0:00:12"]
[BlackClock "0:00:01"]

1. d4 Nf6 2. c4 g6 3. Nc3 Bg7 4. e4 d6 5. Nf3 O-O 6. Be2 e5 7. Be3 Ng4 8. Bg5 Qe8 9. h3 Nf6 10. d5 h6 11. Be3 a5 12. Nd2 Na6 13. O-O Nc5 14. b3 Kh7 15. a3 Ng8 16. b4 axb4 17. axb4 Rxa1 18. Qxa1 Nd7 19. c5 f5 20. f3 h5 21. cxd6 cxd6 22. Nc4 Qe7 23. Nb5 Bh6 24. Bxh6 Nxh6 25. Nbxd6 Nf7 26. Nxf7 Rxf7 27. Rc1 fxe4 28. fxe4 Qxb4 29. Nxe5 Nxe5 30. Qxe5 Bd7 31. Bf3 Qb6+ 32. Kh2 Bb5 33. Rc8 Rg7 34. Bxh5 Bd7 35. Rb8 Qf2 36. Bf3 b5 37. d6 Qe3 38. Qf6 Qd3 39. Qf8 Kh6 40. Qh8+ Rh7 41. Qe5 Rg7 42. Qf4+ g5 43. Qf6+ Kh7 44. e5 Bf5 45. Qf8 1-0


[Site "https://www.chess.com"]

[Event "Titled Tuesday Blitz April 18 Late 2023"]
[White "ElenGajger"]
[Black "Georg, Heinz"]
[BlackFideId "4607295"]
[WhiteElo "2431"]
[BlackElo "2268"]
[Result "1-0"]
[Round "04"]
[TimeControl "180+2"]
[Date "2023.04.18"]
[WhiteClock "0:01:10"]
[BlackClock "0:00:49"]

1. e4 d6 2. d4 Nf6 3. Nc3 g6 4. h4 c5 5. Nge2 cxd4 6. Nxd4 Nc6 7. f3 Bg7 8. Be3 h5 9. Bc4 Bd7 10. Qd2 Rb8 11. O-O-O Nxd4 12. Bxd4 b5 13. Bb3 a5 14. e5 dxe5 15. Bxe5 Rc8 16. Nd5 Be6 17. Nc7+ 1-0


[Site "https://www.chess.com"]

[Event "Titled Tuesday Blitz April 18 Late 2023"]
[White "Cheng, Xiao"]
[Black "Estremera Panos, Sergio"]
[WhiteFideId "2022915"]
[BlackFideId "2200864"]
[WhiteElo "2429"]
[BlackElo "2253"]
[Result "1-0"]
[Round "04"]
[TimeControl "180+2"]
[Date "2023.04.18"]
[WhiteClock "0:01:50"]
[BlackClock "0:01:50"]

1. e4 e5 2. Nf3 Nf6 3. Nxe5 d6 4. Nf3 Nxe4 5. Nc3 Nxc3 6. dxc3 Be7 7. Bf4 O-O 8. Qd2 Nd7 9. O-O-O Nc5 10. Kb1 Be6 11. Nd4 Qd7 12. f3 a5 13. h4 a4 14. a3 Bf6 15. g4 g6 16. h5 Rfe8 17. Qh2 g5 18. Bc1 Kf8 19. h6 Ke7 20. Be2 c6 21. f4 Rg8 22. Rhe1 Kd8 23. f5 Bd5 24. c4 Be4 25. Nxc6+ Kc7 26. Nd4 Nb3 27. Nb5+ Kb8 28. Rxd6 1-0


[Site "https://www.chess.com"]

[Event "Titled Tuesday Blitz April 18 Late 2023"]
[White "Mazurkiewicz, Michal"]
[Black "Romero Ruscalleda, Josep"]
[WhiteFideId "1124943"]
[BlackFideId "2231859"]
[WhiteElo "2054"]
[BlackElo "2183"]
[Result "1-0"]
[Round "04"]
[TimeControl "180+2"]
[Date "2023.04.18"]
[WhiteClock "0:00:19"]
[BlackClock "0:00:32"]

1. e4 g6 2. d4 Bg7 3. Nc3 d6 4. f4 a6 5. Nf3 b5 6. Bd3 Nd7 7. O-O Bb7 8. e5 Nh6 9. Ne4 O-O 10. c3 Rc8 11. h3 c5 12. exd6 e6 13. Be3 Nf5 14. Bf2 cxd4 15. Nxd4 Nxd4 16. cxd4 Nb6 17. Rc1 Bxe4 18. Bxe4 Rxc1 19. Qxc1 Qxd6 20. Qc5 Nc4 21. b3 Qxc5 22. dxc5 Nd2 23. Re1 Nxe4 24. Rxe4 Rc8 25. a4 bxa4 26. Rxa4 Rc6 27. Kf1 Bc3 28. Ke2 a5 29. Kd3 Bb4 30. Kc4 Kf8 31. Ra1 Ke7 32. Kb5 Rc8 33. Rd1 f6 34. c6 e5 35. fxe5 fxe5 36. Bc5+ Ke6 37. Rd6+ Kf5 38. Bxb4 axb4 39. Kxb4 e4 40. Kc5 Ke5 41. Rd7 e3 42. Re7+ Kf4 43. b4 Rf8 44. c7 g5 45. b5 g4 46. hxg4 Kg3 47. Rxe3+ Kxg2 48. Rd3 Rc8 49. Kc6 1-0


[Site "https://www.chess.com"]

[Event "Titled Tuesday Blitz April 18 Late 2023"]
[White "Coelho, Ramyres Santana"]
[Black "Estrada Nieto, Julian"]
[WhiteFideId "2120690"]
[BlackFideId "5101018"]
[WhiteElo "1888"]
[BlackElo "2161"]
[Result "1-0"]
[Round "04"]
[TimeControl "180+2"]
[Date "2023.04.18"]
[WhiteClock "0:00:11"]
[BlackClock "0:00:06"]

1. e4 e5 2. Nf3 Nc6 3. d4 exd4 4. Bc4 Bc5 5. c3 d6 6. cxd4 Bb6 7. O-O Nf6 8. Nc3 O-O 9. Bg5 h6 10. Bh4 Bg4 11. d5 Ne5 12. Be2 Ng6 13. Bg3 Re8 14. h3 Bd7 15. Nd2 a6 16. Kh1 Ba5 17. Bd3 Qc8 18. Kh2 Ne5 19. Bc2 Bxc3 20. bxc3 Bb5 21. f4 Nc4 22. Nxc4 Bxc4 23. Re1 c6 24. dxc6 Qxc6 25. e5 dxe5 26. fxe5 Rad8 27. Qc1 Nd5 28. Be4 Qc5 29. Qc2 b5 30. Rad1 Nc7 31. Rxd8 Rxd8 32. Bh7+ Kh8 33. Bf5 Ne6 34. Bh4 Rd5 35. Bg3 Rd8 36. Bf2 Qd5 37. Bxe6 Qxe6 38. a3 Rd3 39. Bd4 Qg6 40. Qf2 a5 41. Re3 Rd1 42. Rg3 Qb1 43. Rxg7 Rh1+ 44. Kg3 Kxg7 45. e6+ Kg6 46. Qf6+ Kh5 47. Qh4+ Kg6 48. Qf6+ Kh5 49. Qf3+ Kg6 50. Qg4+ 1-0


[Site "https://www.chess.com"]

[Event "Titled Tuesday Blitz April 18 Late 2023"]
[White "Le Goff, Ronan"]
[Black "Sailer, Mike"]
[WhiteFideId "612073"]
[BlackFideId "2012901"]
[WhiteElo "2275"]
[BlackElo "2109"]
[Result "1-0"]
[Round "04"]
[TimeControl "180+2"]
[Date "2023.04.18"]
[WhiteClock "0:01:55"]
[BlackClock "0:00:05"]

1. d4 d5 2. Nf3 Bf5 3. Bf4 e6 4. Nbd2 Nf6 5. e3 Be7 6. Bd3 Bg6 7. h4 Nbd7 8. Ne5 Nxe5 9. dxe5 Nd7 10. h5 Bxd3 11. cxd3 h6 12. Qg4 Bg5 13. Rh3 Bxf4 14. exf4 Rg8 15. O-O-O Qe7 16. Kb1 O-O-O 17. Nb3 Kb8 18. Rc1 Rc8 19. d4 c5 20. dxc5 Nxc5 21. Rhc3 Nxb3 22. Rxc8+ Rxc8 23. Rxc8+ Kxc8 24. axb3 Qb4 25. Qf3 a5 26. g3 a4 27. bxa4 Qxa4 28. Qc3+ Kd7 29. b3 Qe4+ 30. Kb2 Qe2+ 31. Qc2 Qxc2+ 32. Kxc2 Kc6 33. Kc3 b5 34. Kd4 Kb6 35. b4 Kc6 36. f3 Kd7 37. g4 Ke7 38. Kc5 Kd7 39. Kxb5 Kc7 40. Kc5 Kb7 41. f5 Kc7 42. fxe6 fxe6 43. f4 Kb7 44. g5 Kc7 45. b5 Kb7 46. gxh6 gxh6 47. f5 exf5 48. Kxd5 Kb6 49. e6 Kxb5 50. e7 1-0


[Site "https://www.chess.com"]

[Event "Titled Tuesday Blitz April 18 Late 2023"]
[White "Kielinkei"]
[Black "Schmidt, Harald"]
[BlackFideId "4648358"]
[WhiteElo "2425"]
[BlackElo "2180"]
[Result "1-0"]
[Round "04"]
[TimeControl "180+2"]
[Date "2023.04.18"]
[WhiteClock "0:00:18"]
[BlackClock "0:00:03"]

1. e4 c5 2. a3 e5 3. Nf3 Nc6 4. Bc4 d6 5. O-O h6 6. h3 g5 7. Nh2 Bg7 8. d3 Nge7 9. Nc3 Nd4 10. Nd5 Nxd5 11. exd5 b5 12. Ba2 Bd7 13. c3 Nf5 14. Ng4 h5 15. Ne3 Qf6 16. Nxf5 Bxf5 17. d4 cxd4 18. cxd4 e4 19. Qe2 Rb8 20. f3 Qxd4+ 21. Kh1 g4 22. fxe4 Bxe4 23. Bb1 O-O 24. Qxe4 Qxe4 25. Bxe4 b4 26. hxg4 hxg4 27. Rf4 f5 28. Rxf5 Rbe8 29. Rxf8+ Kxf8 30. Bd3 bxa3 31. Bf4 axb2 32. Bxd6+ Kg8 33. Rxa7 Re3 34. Bg6 1-0


[Site "https://www.chess.com"]

[Event "Titled Tuesday Blitz April 18 Late 2023"]
[White "Dahlgren, James Allen"]
[Black "Mackster23"]
[WhiteFideId "22256873"]
[WhiteElo "2185"]
[BlackElo "2425"]
[Result "0-1"]
[Round "04"]
[TimeControl "180+2"]
[Date "2023.04.18"]
[WhiteClock "0:00:53"]
[BlackClock "0:00:08"]

1. e4 e6 2. d4 d5 3. e5 c5 4. c3 Nc6 5. Nf3 Qb6 6. a3 Nh6 7. Be2 cxd4 8. cxd4 Nf5 9. O-O Nfxd4 10. Nxd4 Nxd4 11. Bd3 Nc6 12. Nc3 Bd7 13. Qe2 Nd4 14. Qg4 Nb3 15. Rb1 O-O-O 16. Kh1 h5 17. Qh3 Kb8 18. f4 g6 19. Ne2 Bc5 20. Bc2 Nxc1 21. Nxc1 Rc8 22. b4 Be3 23. Bd3 Rc3 24. Rd1 Ba4 25. Ne2 Rxa3 26. Qf3 Bxd1 27. Rxd1 Rc8 28. Qf1 Bd4 29. Bxg6 fxg6 30. Nxd4 Re3 31. b5 Re4 32. Qd3 Rxd4 33. Qe2 Rxd1+ 34. Qxd1 Rc4 35. h3 Qd4 36. Qe1 Qxf4 37. Qe2 Rc1+ 38. Qf1 Rxf1# 0-1


[Site "https://www.chess.com"]

[Event "Titled Tuesday Blitz April 18 Late 2023"]
[White "Urbina Perez, Juan Antonio"]
[Black "Vanek, Tomas"]
[WhiteFideId "2217368"]
[BlackFideId "313459"]
[WhiteElo "2197"]
[BlackElo "2052"]
[Result "1/2-1/2"]
[Round "04"]
[TimeControl "180+2"]
[Date "2023.04.18"]
[WhiteClock "0:00:44"]
[BlackClock "0:00:31"]

1. e4 c5 2. Nf3 Nc6 3. d4 cxd4 4. Nxd4 Nf6 5. Nc3 e5 6. Ndb5 d6 7. Bg5 a6 8. Na3 b5 9. Nd5 Be7 10. Bxf6 Bxf6 11. c4 b4 12. Nc2 Rb8 13. b3 Nd4 14. Nxd4 exd4 15. Bd3 Bb7 16. O-O Bxd5 17. exd5 O-O 18. Re1 g6 19. Qf3 Bg7 20. Re4 a5 21. Rae1 Ra8 22. h4 a4 23. h5 axb3 24. axb3 Qg5 25. hxg6 fxg6 26. Qe2 Be5 27. g3 Bxg3 28. fxg3 Qxg3+ 29. Qg2 Qxd3 30. Qg4 Ra2 31. Qe6+ Kg7 32. Qxd6 Qd2 33. Qe5+ Rf6 34. R1e2 Qd1+ 35. Kg2 Rxe2+ 36. Rxe2 d3 37. Qe7+ Rf7 38. Qe5+ Rf6 39. Qe7+ Rf7 40. Qe5+ Rf6 1/2-1/2


[Site "https://www.chess.com"]

[Event "Titled Tuesday Blitz April 18 Late 2023"]
[White "Gatterer, Florian"]
[Black "Chemin, Justo Reinaldo"]
[WhiteFideId "811688"]
[BlackFideId "2101580"]
[WhiteElo "2221"]
[BlackElo "1940"]
[Result "1-0"]
[Round "04"]
[TimeControl "180+2"]
[Date "2023.04.18"]
[WhiteClock "0:00:47"]
[BlackClock "0:00:25"]

1. Nf3 d5 2. g3 c6 3. Bg2 Nf6 4. c4 dxc4 5. Na3 b5 6. Ne5 Nd5 7. O-O f6 8. Nf3 e5 9. b3 cxb3 10. Qxb3 Be6 11. Qb1 Nd7 12. d4 Nc3 13. Qc2 b4 14. dxe5 fxe5 15. Bb2 bxa3 16. Bxc3 Bd6 17. Rfd1 Qe7 18. Qd2 Bc7 19. Ng5 Bc4 20. Bxc6 Rd8 21. Bb4 1-0


[Site "https://www.chess.com"]

[Event "Titled Tuesday Blitz April 18 Late 2023"]
[White "ritanovikova"]
[Black "Papayan, Oleg"]
[BlackFideId "4193911"]
[WhiteElo "2129"]
[BlackElo "2153"]
[Result "0-1"]
[Round "04"]
[TimeControl "180+2"]
[Date "2023.04.18"]
[WhiteClock "0:00:03"]
[BlackClock "0:00:06"]

1. e4 d5 2. exd5 Qxd5 3. Nc3 Qd8 4. Nf3 c6 5. h3 Bf5 6. Bc4 e6 7. O-O Nd7 8. d4 Be7 9. a4 a5 10. Re1 Ngf6 11. Nh4 Bg6 12. Nxg6 hxg6 13. Bf4 O-O 14. Qd2 Nb6 15. Bb3 Nbd5 16. Nxd5 cxd5 17. c3 Ne4 18. Qe2 Qb6 19. Bc2 Bd6 20. Bxe4 Bxf4 21. Bd3 Bc7 22. h4 Qd6 23. g3 Rfe8 24. f4 f5 25. Bb5 Re7 26. Kg2 Kf7 27. Qf3 Rh8 28. Re2 Rh5 29. Rae1 Bd8 30. Re3 Rh6 31. Rh1 Rc7 32. h5 g5 33. fxg5 Bxg5 34. Re5 Bf6 35. Re3 Rc8 36. g4 f4 37. Re2 g6 38. hxg6+ Rxg6 39. Bd3 Rg7 40. Rh7 Rg8 41. Rxg7+ Rxg7 42. Rf2 Bg5 43. Be2 Qd7 44. Qd3 Rg6 45. Qb5 Qc7 46. Bf3 Rh6 47. Rf1 Rh8 48. Rh1 Rxh1 49. Kxh1 Kf6 50. Kg2 Qh7 51. Qf1 Qh4 52. Qf2 Qh7 53. Qg1 Qc2+ 54. Qf2 Qxa4 55. Qe2 Qa1 56. Qc2 a4 57. Bd1 b5 58. Be2 Bh4 59. Bxb5 Qe1 60. Qe2 Qg3+ 61. Kf1 f3 62. Qe5+ Qxe5 63. dxe5+ Kxe5 64. Bxa4 Kf4 65. Bd1 e5 66. b4 e4 67. b5 Bd8 68. Bb3 e3 69. Bxd5 e2+ 70. Ke1 Bh4+ 71. Kd2 e1=Q+ 72. Kc2 Qe2+ 73. Kb3 Qxb5+ 74. Kc2 Qxd5 0-1


[Site "https://www.chess.com"]

[Event "Titled Tuesday Blitz April 18 Late 2023"]
[White "Kovacevic, Radmila"]
[Black "Pein, Jonathan"]
[WhiteFideId "933171"]
[BlackFideId "417092"]
[WhiteElo "2194"]
[BlackElo "2151"]
[Result "1-0"]
[Round "04"]
[TimeControl "180+2"]
[Date "2023.04.18"]
[WhiteClock "0:01:09"]
[BlackClock "0:01:09"]

1. e4 e5 2. d4 exd4 3. Qxd4 Nc6 4. Qe3 g6 5. Bd2 Bh6 6. f4 Qh4+ 7. g3 Qe7 8. Qc3 f6 9. Qe3 Ne5 10. Nc3 Ng4 11. Qe2 d6 12. h3 Ne5 13. Nd5 Qd8 14. fxe5 Bxd2+ 15. Qxd2 dxe5 16. O-O-O Be6 17. Qb4 Qc8 18. Bc4 a5 19. Qa3 Bxd5 20. exd5 Ne7 21. Ne2 Rb8 22. d6 cxd6 23. Qxd6 b5 24. Be6 Qb7 25. Bd7+ Kd8 26. Bc6+ 1-0


[Site "https://www.chess.com"]

[Event "Titled Tuesday Blitz April 18 Late 2023"]
[White "Gonzalez, Francisco Silva"]
[Black "Dias, Joao Batista"]
[WhiteFideId "1512285"]
[BlackFideId "2108240"]
[WhiteElo "2074"]
[BlackElo "1907"]
[Result "1-0"]
[Round "04"]
[TimeControl "180+2"]
[Date "2023.04.18"]
[WhiteClock "0:02:19"]
[BlackClock "0:01:54"]

1. d4 d5 2. c4 Nf6 3. Nc3 c6 4. e3 Bf5 5. cxd5 cxd5 6. Qb3 Qd7 7. Nf3 Nc6 8. Ne5 Qc7 9. Bd2 e6 10. Rc1 Qe7 11. Nxc6 bxc6 12. Na4 Rc8 13. Ba6 Rc7 14. Ba5 Qd6 15. Qb8+ Kd7 16. Nc5+ 1-0


[Site "https://www.chess.com"]

[Event "Titled Tuesday Blitz April 18 Late 2023"]
[White "Ramirez Vido, Robert Yorisan"]
[Black "Aqib Javaid Butt"]
[WhiteFideId "3513823"]
[BlackFideId "7801262"]
[WhiteElo "2399"]
[BlackElo "1659"]
[Result "1-0"]
[Round "04"]
[TimeControl "180+2"]
[Date "2023.04.18"]
[WhiteClock "0:00:43"]
[BlackClock "0:00:28"]

1. f4 d5 2. Nf3 c6 3. g3 Nf6 4. Bg2 g6 5. d3 Bg7 6. O-O O-O 7. Qe1 d4 8. a4 a5 9. Na3 Na6 10. Nc4 Nb4 11. Qd1 Nfd5 12. Bd2 Ne3 13. Bxe3 dxe3 14. c3 Nd5 15. Qc1 Re8 16. Nxe3 Qb6 17. d4 Nxe3 18. Qxe3 Qxb2 19. Ne5 Qc2 20. Rfb1 Bxe5 21. fxe5 Rb8 22. Be4 Qxb1+ 23. Rxb1 1-0


[Site "https://www.chess.com"]

[Event "Titled Tuesday Blitz April 18 Late 2023"]
[White "tandercat"]
[Black "KorolDimitriy75"]
[WhiteElo "1960"]
[BlackElo "2396"]
[Result "1-0"]
[Round "04"]
[TimeControl "180+2"]
[Date "2023.04.18"]
[WhiteClock "0:00:03"]
[BlackClock "0:00:01"]

1. d4 Nf6 2. c4 c5 3. d5 b5 4. Qc2 bxc4 5. e4 d6 6. Bxc4 g6 7. Ne2 Bg7 8. O-O O-O 9. Nbc3 Nbd7 10. h3 Nb6 11. b3 a5 12. Be3 Ba6 13. Bxa6 Rxa6 14. Rad1 a4 15. e5 Nfd7 16. exd6 exd6 17. Ne4 axb3 18. axb3 Qe7 19. Bg5 f6 20. Bf4 Ne5 21. N2c3 h6 22. Rfe1 Kh7 23. Nb5 Nc8 24. Ng3 Qd7 25. Nc3 f5 26. h4 h5 27. Bg5 Nb6 28. Nge2 Rf7 29. Nf4 Nc8 30. Re2 Bf6 31. Rde1 Bxg5 32. hxg5 Qd8 33. Ne6 Raa7 34. Nxd8 Rf8 35. Ne6 Rff7 36. Rxe5 dxe5 37. Rxe5 Nd6 38. Nxc5 Rac7 39. Ne6 Rc8 40. Qd3 f4 41. f3 Nf5 42. Qe4 Ng3 43. Nxf4 Rxc3 44. Qxg6+ Kh8 45. Re8+ Rf8 46. Rxf8# 1-0


[Site "https://www.chess.com"]

[Event "Titled Tuesday Blitz April 18 Late 2023"]
[White "Burke, Paul"]
[Black "Gerbelli Neto, Eduardo"]
[WhiteFideId "2605767"]
[BlackFideId "2103281"]
[WhiteElo "1922"]
[BlackElo "2178"]
[Result "0-1"]
[Round "04"]
[TimeControl "180+2"]
[Date "2023.04.18"]
[WhiteClock "0:00:08"]
[BlackClock "0:01:16"]

1. e4 e5 2. Nf3 Nc6 3. Bc4 Nf6 4. d4 exd4 5. O-O Nxe4 6. Re1 d5 7. Bxd5 Qxd5 8. Nc3 Qa5 9. Nxe4 Be6 10. Neg5 O-O-O 11. Nxe6 fxe6 12. Bg5 Rd5 13. Bd2 Bb4 14. Bxb4 Qxb4 15. Rxe6 Qxb2 16. Rb1 Qxa2 17. Ra1 Qc4 18. Nd2 Qb4 19. Rb1 Qf8 20. Qe2 d3 21. cxd3 Nd4 22. Qe4 Qf5 0-1


[Site "https://www.chess.com"]

[Event "Titled Tuesday Blitz April 18 Late 2023"]
[White "Bueno, Alfeu Junior Varela"]
[Black "Lopez Gracia, Fernando"]
[WhiteFideId "2108879"]
[BlackFideId "2207184"]
[WhiteElo "2175"]
[BlackElo "2526"]
[Result "0-1"]
[Round "04"]
[TimeControl "180+2"]
[Date "2023.04.18"]
[WhiteClock "0:00:09"]
[BlackClock "0:01:19"]

1. e4 e5 2. Nc3 d6 3. f4 g6 4. Nf3 Bg7 5. Bc4 Ne7 6. O-O Nbc6 7. d3 O-O 8. a4 Be6 9. Nd5 Na5 10. Ba2 Nac6 11. Ng5 Bxd5 12. exd5 Nb4 13. Bc4 Nbxd5 14. f5 c6 15. fxg6 hxg6 16. Qg4 Nf5 17. Rxf5 gxf5 18. Qh5 Nf6 19. Bxf7+ Rxf7 20. Qxf7+ Kh8 21. Qg6 Qe8 22. Qxf5 Qh5 23. Bd2 Rf8 24. Rf1 Ng4 25. Qxf8+ Bxf8 26. Rxf8+ Kg7 27. Rf7+ Kg8 28. Rh7 Qg6 29. Rxb7 Nf6 30. Rxa7 Qh5 31. Bc3 Qd1+ 32. Kf2 Qxc2+ 33. Kg3 Qxd3+ 34. Kh4 Qc4+ 0-1


[Site "https://www.chess.com"]